 Dungeon Crawl Stone Soup version 0.27.1-34-g3ba077fa99 (webtiles) character file.

Game seed: 7019511870404654395

190801 Spectrina the Bewitcher (level 17, -11/86 HPs)
             Began as a Vampire Delver on Aug 20, 2021.
             Was an Initiate of Gozag.
             Mangled by a rockslime (13 damage)
             ... on level 2 of the Pits of Slime on Jan 28, 2022.
             The game lasted 06:52:58 (20339 turns).

Spectrina the Bewitcher (Vampire Delver)           Turns: 20339, Time: 06:52:59

Health: -11/86     AC: 34    Str: 36    XL:     17   Next: 22%
Magic:  26/29      EV: 13    Int: 25    God:    Gozag
Gold:   5198       SH: 13    Dex: 17    Spells: 0/39 levels left

rFire    + . .     SeeInvis +   a - +10 broad axe of Zaonun {vorpal, *Slow Str+2 SInv}
rCold    + + .     Faith    .   Z - +2 buckler {AC+3}
rNeg     + + +     Spirit   .   V - +10 plate armour "Xygogutwu" {Str+7}
rPois    ∞         Reflect  +   A - +2 helmet
rElec    .         Harm     .   n - +2 cloak of the Thief {*Fog Slay-2 SInv Stlth+}
rCorr    +         Rampage  .   N - +2 pair of gloves {Dex+3}
Will     ++...                  t - +2 pair of boots
Stlth    ++++......             e - amulet of Iseph {Reflect rCorr Str+4 SH+5}
HPRegen  0.00/turn              J - ring "Uvocze" {Wiz *Corrode rPois Will+ Str+8}
MPRegen  0.21/turn              B - ring "Muhah" {Fly Str+4 Int+8 Dex-4}

@: corroded, flying, bloodless, inhibited regen, slowed, studying Dodging, very
slow
A: bloodless, fangs 3, see invisible, vampiric 2, fire resistance 1, low mp 1,
sense surroundings 1
}: 2/15 runes: decaying, serpentine
a: Bat Form, Revivify, Renounce Religion, Potion Petition, Call Merchant, Bribe
Branch


You were on level 2 of the Pits of Slime.
You worshipped Gozag.
Gozag was greatly pleased with you.
You visited 6 branches of the dungeon, and saw 29 of its levels.

You collected 12782 gold pieces.
You spent 7500 gold pieces at shops.
You paid 84 gold pieces to Gozag.

Inventory:

Hand Weapons
 a - the +10 broad axe of Zaonun (weapon) {vorpal, *Slow Str+2 SInv}
   (You found it on level 2 of the Lair of Beasts)

   It inflicts extra damage upon your enemies.
   Str:       It affects your strength (+2).
   SInv:      It lets you see invisible.
   *Slow:     It may slow you when you take damage.
 b - the +8 trident "Zeskae" {freeze, *Corrode rPois Int-4 Dex+9}
   (You bought it in a shop on level 4 of the Snake Pit)

   It freezes those it strikes, dealing additional cold damage.
   It can also slow down cold-blooded creatures.
   Int:       It affects your intelligence (-4).
   Dex:       It affects your dexterity (+9).
   rPois:     It protects you from poison.
   *Corrode:  It may corrode you when you take damage.
Missiles
 s - 10 curare-tipped darts
 w - 153 sling bullets
 C - 346 bolts
 H - a throwing net
 T - 16 javelins (quivered)
 U - 12 atropa-tipped darts
Armour
 l - a +1 kite shield of poison resistance
 n - the +2 cloak of the Thief (worn) {*Fog Slay-2 SInv Stlth+}
   (You bought it in a shop on level 8 of the Dungeon)

   It may release a thick cloud of smoke when the wearer is hurt.
   Slay:      It affects your accuracy & damage with ranged weapons and melee
   (-2).
   SInv:      It lets you see invisible.
   Stlth:     It makes you more stealthy.
 t - a +2 pair of boots (worn)
 A - a +2 helmet (worn)
 N - a +2 pair of gloves of dexterity (worn)
 V - the +10 plate armour "Xygogutwu" (worn) {Str+7}
   (You bought it in a shop on level 2 of the Orcish Mines)

   Str:       It affects your strength (+7).
 Z - a +2 buckler of protection (worn)
Jewellery
 e - the amulet of Iseph (around neck) {Reflect rCorr Str+4 SH+5}
   (You bought it in a shop on level 9 of the Dungeon)

   [amulet of reflection]

   It reflects blocked missile attacks.
   Str:       It affects your strength (+4).
   rCorr:     It protects you from acid and corrosion.
   SH:        It affects your SH (+5).
 B - the ring "Muhah" (right hand) {Fly Str+4 Int+8 Dex-4}
   (You acquired it on level 3 of the Lair of Beasts)

   [ring of flight]

   Str:       It affects your strength (+4).
   Int:       It affects your intelligence (+8).
   Dex:       It affects your dexterity (-4).
   Fly:       It grants you flight.
 J - the ring "Uvocze" (left hand) {Wiz *Corrode rPois Will+ Str+8}
   (You bought it in a shop on level 9 of the Dungeon)

   [ring of wizardry]

   It improves your spell success rate.
   Str:       It affects your strength (+8).
   rPois:     It protects you from poison.
   *Corrode:  It may corrode you when you take damage.
   Will:      It increases your willpower.
Wands
 g - a wand of digging (8)
 h - a wand of acid (10)
 o - a wand of polymorph (13)
 D - a wand of paralysis (16)
 F - a wand of charming (7)
 M - a wand of iceblast (14)
 R - a wand of flame (15)
 S - a wand of mindburst (16)
Scrolls
 c - 6 scrolls of fog
 d - 4 scrolls of magic mapping
 i - 5 scrolls of blinking
 j - a scroll of torment
 m - 3 scrolls of silence
 r - 2 scrolls of summoning
 u - 4 scrolls of vulnerability
 x - a scroll of brand weapon
 G - 4 scrolls of teleportation
 I - 6 scrolls of immolation
 K - a scroll of amnesia
 W - 2 scrolls of enchant weapon
Potions
 f - 2 potions of haste
 p - 5 potions of attraction
 q - 5 potions of berserk rage
 v - 3 potions of ambrosia
 y - a potion of cancellation
 z - 5 potions of might
 E - a potion of magic
 L - 4 potions of heal wounds
 O - 3 potions of brilliance
 Q - 5 potions of curing
 X - 2 potions of mutation
Miscellaneous
 k - a box of beasts
 P - a phantom mirror
 Y - a lightning rod (4/4)


   Skills:
 - Level 2.6 Fighting
 - Level 2.1 Short Blades
 * Level 12.7 Axes
 + Level 5.4 Armour
 + Level 10.1 Dodging
 - Level 14.0 Stealth
 - Level 6.0 Shields
 * Level 11.8 Spellcasting
 - Level 16.0 Hexes
 - Level 15.0 Summonings
 + Level 6.9 Translocations
 - Level 6.0 Earth Magic


You couldn't memorise any spells.
You knew the following spells:

 Your Spells              Type           Power      Damage    Failure   Level
a - Magic Dart            Conj           56%        1d5       11%         1
c - Passwall              Tmut/Erth      24%        N/A       4%          2
f - Portal Projectile     Hex/Tloc       100%       N/A       1%          3
j - Summon Forest         Summ/Tloc      31%        N/A       3%          5
k - Animate Armour        Summ/Erth      100%       N/A       1%          4
l - Call Canine Familiar  Summ           74%        N/A       1%          3
o - Summon Mana Viper     Hex/Summ       75%        N/A       1%          5
p - Shadow Creatures      Summ           N/A        N/A       3%          6
r - Invisibility          Hex            38%        N/A       2%          6
x - Apportation           Tloc           98%        N/A       1%          1
y - Summon Guardian Gole  Hex/Summ       75%        N/A       1%          3

Your spell library contained the following spells:

 Spells                   Type           Power      Damage    Failure   Level
 Corona                   Hex            84%        N/A       1%          1
 Summon Small Mammal      Summ           100%       N/A       1%          1
 Call Imp                 Summ           74%        N/A       1%          2
 Inner Flame              Hex/Fire       53%        N/A       1%          3
 Cause Fear               Hex            38%        N/A       1%          4
 Leda's Liquefaction      Hex/Erth       31%        N/A       1%          4
 Stone Arrow              Conj/Erth      58%        3d10      10%         3
 Animate Skeleton         Necr           28%        N/A       11%         1
 Foxfire                  Conj/Fire      56%        2x1d6     11%         1
 Freeze                   Ice            56%        1d7       11%         1
 Pain                     Necr           56%        1d6       11%         1
 Conjure Flame            Conj/Fire      14%        6-21      32%         3
 Frozen Ramparts          Ice            28%        1d4       32%         3
 Ignite Poison            Fire/Tmut/Pois 14%        N/A       32%         3
 Mephitic Cloud           Conj/Pois/Air  14%        N/A       32%         3
 Swiftness                Air            14%        N/A       32%         3
 Vampiric Draining        Necr           7%         2d7       32%         3
 Hailstorm                Conj/Ice       14%        3d5       69%         4
 Ice Form                 Ice/Tmut       14%        N/A       69%         4
 Bolt of Magma            Conj/Fire/Erth 12%        4d8       75%         5
 Statue Form              Tmut/Erth      19%        N/A       99%         6
 Simulacrum               Ice/Necr       7%         N/A       100%        6
 Dragon Form              Tmut           7%         N/A       100%        7
 Lehudib's Crystal Spear  Conj/Erth      14%        10d5      100%        8
 Chain Lightning          Conj/Air       7%         3d9       100%        9
 Dragon's Call            Summ           37%        N/A       100%        9
 Fire Storm               Conj/Fire      7%         8d2       100%        9


Dungeon Overview and Level Annotations

Branches:
Dungeon (11/15)            Temple (0/1) D:5            Lair (6/6) D:8
  Swamp (4/4) Lair:3        Snake (4/4) Lair:3        Slime (2/5) Lair:6
    Orc (2/2) D:10            Elf (0/3) Orc:2

Altars:
Dithmenos
Elyvilon
Fedhas
Gozag
Hepliaklqana
Kikubaaqudgha
Makhleb
Nemelex Xobeh
Qazlal
Sif Muna
Xom
Zin
Beogh

Shops:
D:1 [   D:3 :   D:5 *   D:8 [[   D:9 =[=[   Orc:2 *([:   Snake:4 (*=

Annotations:
Snake:2 Saint Roka, Vashnia
Snake:3 Mara
Snake:4 Nikola
Slime:2 Dissolution


Innate Abilities, Weirdness & Mutations

You do not regenerate when monsters are visible.
You are frail without blood (-20% HP).
You can heal yourself when you bite living creatures.
You are immune to poison.
You have razor-sharp teeth.
You have supernaturally acute eyesight. (SInv)
You are afflicted with vampirism and can become a bat while bloodless.
Your flesh is heat resistant. (rF+)
Your magical capacity is low. (-10% MP)
You passively map a small area around you.


Message History

Okay, then.
Unknown command.
Aiming: Polymorph
Press: ? - help, Shift-Dir - straight line, f - rockslime
Aim: a rockslime (will become a frost giant, a titan, or a golden dragon, chance to affect: 15%)
Okay, then.
Unknown command.
Okay, then.
Okay, then.
Casting: Summon Forest (dangerous; 3% risk of failure)
Confirm with . or Enter, or press ? or * to list all spells.
Okay, then.
Unknown command.
Casting: Summon Forest (dangerous; 3% risk of failure)
Confirm with . or Enter, or press ? or * to list all spells.
You are splashed with acid!
You resist.
With a swish of your cloak, you release a cloud of fog.
You block the rockslime's attack. x2
Unknown command.
You are splashed with acid!!
You resist.
* * * LOW HITPOINT WARNING * * *
With a swish of your cloak, you release a cloud of fog.
Unknown command.
Blink to where?
Press: ? - help, Dir - move target, f - you
Okay, then.
Unknown command.
The rockslime hits you but does no damage. x2
You block the rockslime's attack. You block the slime creature's attack.
Press: ? - help, v - describe, . - travel
Here: a rockslime (black smoke)
The floor.
The rockslime hits you!
* * * LOW HITPOINT WARNING * * *
With a swish of your cloak, you release a cloud of fog.
You are shoved backwards!
The wall burns your animated plate armour!
The rockslime hits you!
You die...
Your body crumbles into a pile of gold.

, ### * ##.##
#...### * .##
##...#.## ,..
#..§§§..# #.## ,
* #§§J§§..##...#
.
#§§§J@...#...#..
,
#§§§[§§§......#
, ##§§§§§......#
##§§........# ,
#.§§.#.........
##..###...#....
#### .......<. ,
*,......... *
..........


You could see a slime creature, a rockslime and a friendly animated plate armour
(summoned).

Vanquished Creatures
  the Lernaean hydra (Swamp:4)
  Kirke (Lair:5)
  Frances (Snake:1)
  Gastronok (Lair:3)
  A nagaraja (Snake:4)
  An orc warlord (Orc:2)
  A stone giant (Orc:2)
  4 bunyips
  Snorg (D:10)
  3 eleionomae
  An ettin (Orc:2)
  3 naga warriors
  Erolcha (D:10)
  A salamander tyrant (Snake:4)
  5 hydras
  Erica (Orc:1)
  2 ghost crabs
  5 anacondas
  A catoblepas (Lair:6)
  5 alligators
  6 death yaks (Lair:6)
  9 naga sharpshooters
  2 two-headed ogres
  Sonja (Orc:1)
  Nergalle (Lair:3)
  4 shock serpents
  2 goliath frogs
  A spriggan druid (Swamp:2)
  4 swamp dragons (Swamp:4)
  A naga ritualist (Snake:1)
  5 orc knights (Orc:1)
  A will-o-the-wisp (Swamp:3)
  2 mana vipers
  5 cyclopes (Orc:2)
  9 salamanders
  16 black mambas
  2 manticores (Lair:6)
  8 elephants
  Maurice (D:10)
  2 guardian serpents
  8 naga magi
  8 cane toads
  2 rime drakes
  6 komodo dragons
  7 tyrant leeches
  A polar bear (Lair:4)
  The ghost of Ravenswing17 the Shield-Bearer, an amateur MiFi of Nemelex Xobeh (D:5)
  2 hornets
  7 slime creatures (Slime:1)
  12 blink frogs
  5 dream sheep (Lair:6)
  2 spriggans
  30 yaks
  A wyvern (D:8)
  4 wraiths
  A basilisk (Lair:6)
  A steam dragon (Lair:4)
  A hog (Lair:5)
  8 vampire mosquitoes
  3 wargs
  12 nagas
  12 water moccasins
  10 swamp worms
  22 orc warriors
  6 swamp drakes
  3 sky beasts
  A necrophage (D:7)
  6 ogres
  4 wolves
  A phantom (D:7)
  3 centaurs
  A lemure (D:8)
  2 nameless horrors
  A kobold brigand (D:5)
  5 bullfrogs
  A scorpion (D:6)
  A water moccasin zombie (D:6)
  A wyvern skeleton (D:4)
  10 killer bees
  A water moccasin skeleton (D:6)
  A wight (D:9)
  2 howler monkeys
  A gnoll shaman (D:8)
  A hound (D:5)
  A jelly (D:7)
  7 orc priests
  A bullfrog skeleton (D:6)
  2 iguanas
  8 orc wizards
  A hound zombie (D:5)
  2 hound skeletons (D:4)
  Robin (D:2)
  2 howler monkey skeletons
  A howler monkey zombie (D:5)
  8 gnolls
  7 adders
  2 shadow imps
  3 white imps
  2 adder skeletons
  A worm (D:3)
  A dart slug (D:1)
  51 orcs
  10 ball pythons
  5 bats
  8 endoplasms
  3 giant cockroaches
  12 hobgoblins
  3 jackals (D:1)
  15 kobolds
  A quokka (D:1)
  3 frilled lizards (D:3)
  11 goblins
  A quokka skeleton (D:4)
  3 rats
  A butterfly (Lair:3)
517 creatures vanquished.

Vanquished Creatures (collateral kills)
  2 tentacled monstrosities (Swamp:4)
  The ghost of Seumyac the Slicer, an adept HaSk of Okawaru (Swamp:3)
  4 nagarajas (Snake:4)
  Aizul (Snake:2)
  A bunyip (Swamp:3)
  The ghost of Siddir the Blocker, a journeyman MiBe of Trog (Snake:1)
  3 ettins (Orc:2)
  2 eleionomae
  Josephine (Lair:5)
  A shambling mangrove (Swamp:1)
  15 naga warriors
  The ghost of velxir3 the Fighter, a journeyman GnWn of Wu Jian (Lair:2)
  6 hydras
  A ghost crab (Swamp:2)
  13 anacondas
  4 catoblepae
  An alligator (Swamp:3)
  A two-headed ogre (Orc:1)
  A dancing weapon (Snake:1)
  3 death yaks (Lair:6)
  6 naga sharpshooters
  A shock serpent (Snake:4)
  A salamander mystic (Snake:4)
  A goliath frog (Swamp:2)
  A bog body (Swamp:1)
  2 spriggan druids
  2 naga ritualists
  8 swamp dragons
  An orc knight (Orc:1)
  2 mana vipers (Snake:3)
  A will-o-the-wisp (Swamp:2)
  5 elephants
  8 salamanders
  3 cyclopes (Orc:2)
  8 guardian serpents
  12 black mambas
  12 naga magi
  A torpor snail (Lair:2)
  4 cane toads
  Psyche (D:10)
  4 komodo dragons
  2 rime drakes
  A polar bear (Lair:3)
  2 bloated husks
  4 tyrant leeches
  2 blink frogs (Lair:4)
  A hornet (D:9)
  4 slime creatures (Slime:1)
  8 dream sheep (Lair:6)
  2 wraiths (Lair:5)
  2 wyverns (D:8)
  2 basilisks
  3 hogs (Lair:5)
  24 yaks
  Grum (D:9)
  3 vampire mosquitoes (Snake:1)
  2 wargs
  An acid dragon (D:7)
  9 swamp worms
  30 nagas
  7 water moccasins
  2 swamp drakes
  2 ice beasts (D:8)
  A black bear (D:7)
  2 sky beasts (D:7)
  8 orc warriors
  2 ogres
  9 wolves
  A centaur (D:8)
  A lemure (D:8)
  2 kobold brigands
  8 bullfrogs
  A gnoll sergeant (D:9)
  A scorpion (D:7)
  A killer bee (D:9)
  7 wights (D:9)
  3 howler monkeys
  A centaur zombie (D:10)
  7 orc priests
  A centaur skeleton (D:7)
  A gnoll shaman (D:6)
  A jelly (D:8)
  An iguana (D:7)
  9 orc wizards
  An adder (D:6)
  8 gnolls
  A white imp (D:8)
  36 orcs
  2 kobolds (D:6)
377 creatures vanquished.

Vanquished Creatures (others)
  A hydra (Lair:4)
  A naga warrior (Snake:4)
  A boulder beetle (Lair:5)
  A two-headed ogre (D:8)
  5 death yaks (Lair:2)
  A naga sharpshooter (Snake:1)
  Pikel (D:8)
  2 cane toads (Lair:2)
  A komodo dragon (Lair:2)
  A polar bear (Lair:2)
  10 yaks
  A swamp worm (Lair:3)
  A naga (Lair:3)
  A sky beast (D:8)
  An ogre (Orc:2)
  2 orc warriors (Orc:1)
  A kobold brigand (D:8)
  An orc wizard (Orc:2)
  2 orcs (Orc:2)
  16 foxfires
  41 fungi
  59 plants
  A snaplasher vine (Snake:2)
  A withered plant (D:5)
153 creatures vanquished.

Grand Total: 1047 creatures vanquished

Notes
Turn   | Place    | Note
-------+----------+-------------------------------------------
     0 | D:5      | Spectrina the Vampire Delver began the quest for the Orb.
     0 | D:5      | Reached XP level 1. HP: 17/17 MP: 1/1
    11 | D:6      | Noticed a scorpion
    15 | D:6      | Reached XP level 2. HP: 18/18 MP: 2/2
    18 | D:6      | Killed a scorpion
    19 | D:6      | Gained mutation: You are afflicted with vampirism and can
                  | become a bat while bloodless. [Vampire growth]
    19 | D:6      | Reached XP level 3. HP: 22/22 MP: 3/3
    19 | D:6      | Reached XP level 4. HP: 27/27 MP: 4/4
    55 | D:5      | Reached skill level 10 in Stealth
   113 | D:4      | Reached XP level 5. HP: 20/31 MP: 5/5
   163 | D:4      | Noticed a water moccasin
   174 | D:4      | Killed a water moccasin
   177 | D:4      | Reached XP level 6. HP: 27/36 MP: 6/6
   241 | D:4      | Identified the ring "Qanoxesk" {Fly rN+ Str-4 Int+6 SInv}
   411 | D:2      | Learned a level 1 spell: Summon Small Mammal
   414 | D:2      | Learned a level 2 spell: Call Imp
   416 | D:2      | Learned a level 1 spell: Magic Dart
   835 | D:3      | Found Weseyv's Book Boutique.
   969 | D:2      | Noticed Robin
  1007 | D:3      | Reached skill level 1 in Summonings
  1380 | D:2      | Killed Robin
  1619 | D:4      | Reached skill level 1 in Spellcasting
  1824 | D:4      | Found an opulent altar of Gozag.
  1824 | D:4      | Found a sparkling altar of Nemelex Xobeh.
  1831 | D:4      | Became a worshipper of Gozag Ym Sagoz the Greedy
  1970 | D:5      | Reached XP level 7. HP: 40/40 MP: 7/9
  1988 | D:5      | Found a staircase to the Ecumenical Temple.
  1991 | D:5      | Noticed a two-headed ogre
  2061 | D:5      | Found a runed translucent gate.
  2062 | D:5      | Found a runed translucent gate.
  2062 | D:5      | Found a runed translucent gate.
  2062 | D:5      | Noticed Ravenswing17's ghost (amateur MiFi)
  2186 | D:5      | Found Gag Epno's Assorted Antiques.
  2189 | D:5      | Bought a scroll labelled KOTHEAN ZOESCH for 25 gold pieces
  2189 | D:5      | Bought a viscous emerald potion for 22 gold pieces
  2189 | D:5      | Bought a potion of curing for 75 gold pieces
  2189 | D:5      | Bought a scroll labelled ASIANU ELUGG for 25 gold pieces
  2326 | D:5      | Killed a two-headed ogre
  2327 | D:5      | Reached skill level 5 in Summonings
  2327 | D:5      | Reached XP level 8. HP: 41/45 MP: 9/12
  2355 | D:5      | Found a blossoming altar of Fedhas.
  2355 | D:5      | Found an ancient bone altar of Kikubaaqudgha.
  2529 | D:6      | Found a shimmering blue altar of Sif Muna.
  2722 | D:5      | Bought a long glass wand for 100 gold pieces
  2956 | D:1      | Found Wienywao's Armour Shoppe.
  2961 | D:1      | Bought a +0 pair of gloves for 58 gold pieces
  3331 | D:6      | Found a stormy altar of Qazlal.
  3559 | D:6      | Reached XP level 9. HP: 17/49 MP: 15/15
  3691 | D:3      | Bought a book of Callings for 260 gold pieces
  3696 | D:3      | Learned a level 3 spell: Call Canine Familiar
  3700 | D:3      | Learned a level 3 spell: Summon Guardian Golem
  3898 | D:7      | Gained mutation: You passively map a small area around you.
                  | [potion of mutation]
  3898 | D:7      | Gained mutation: Your flesh is heat resistant. (rF+)
                  | [potion of mutation]
  3928 | D:6      | Found a hazy altar of Hepliaklqana.
  4138 | D:7      | Reached skill level 5 in Spellcasting
  4340 | D:7      | Reached skill level 1 in Hexes
  4562 | D:8      | Found a staircase to the Lair.
  4724 | D:8      | Found Kuhu's Armour Shop.
  4724 | D:8      | Noticed Pikel
  4746 | Lair:1   | Entered Level 1 of the Lair of Beasts
  4778 | Lair:1   | Noticed a komodo dragon
  4832 | Lair:1   | Killed a komodo dragon
  4833 | Lair:1   | Reached skill level 2 in Hexes
  4855 | Lair:1   | Reached skill level 3 in Hexes
  5014 | D:8      | Reached skill level 4 in Hexes
  5215 | D:8      | Found Ziwkont's Armour Shoppe.
  5222 | D:8      | Bought the +2 cloak of the Thief {*Fog Slay-2 SInv Stlth+}
                  | for 281 gold pieces
  5222 | D:8      | Found the +2 cloak of the Thief {*Fog Slay-2 SInv Stlth+}
  5255 | D:9      | Found Jemox's Jewellery Shoppe.
  5255 | D:9      | Found Vogasamm's Distillery.
  5272 | D:9      | Noticed Grum
  5277 | D:9      | Reached XP level 10. HP: 29/54 MP: 10/18
  5283 | D:9      | Killed Grum
  5292 | D:9      | Reached skill level 5 in Hexes
  5320 | D:9      | Found Pochy's Armour Boutique.
  5411 | D:9      | Bought a +2 pair of gloves of dexterity for 322 gold pieces
  5464 | D:9      | Found a burning altar of Makhleb.
  5497 | D:9      | You are sucked into a shaft and drop 2 floors!
  5536 | D:10     | Entered Level 10 of the Dungeon
  5551 | D:10     | Noticed Erolcha
  5557 | D:9      | Found Gatsyzxi's Jewellery Shop.
  5570 | D:10     | Noticed a two-headed ogre
  5575 | D:10     | Found a staircase to the Orcish Mines.
  5595 | D:10     | Noticed Snorg
  5608 | D:10     | Killed Snorg
  5609 | D:10     | Reached skill level 6 in Hexes
  5609 | D:10     | Reached skill level 10 in Summonings
  5685 | D:10     | Learned a level 4 spell: Cause Fear
  5687 | D:10     | Learned a level 1 spell: Apportation
  5733 | D:10     | Killed Erolcha
  5779 | D:10     | Reached skill level 7 in Hexes
  5790 | D:10     | Found a shadowy altar of Dithmenos.
  5814 | D:10     | Noticed Maurice
  5829 | D:10     | Killed Maurice
  5974 | D:9      | Found Ikaobb's Armour Emporium.
  6027 | D:8      | Noticed a two-headed ogre
  6057 | D:8      | Killed a two-headed ogre
  6088 | D:8      | Reached XP level 11. HP: 44/59 MP: 3/21
  6115 | D:8      | Reached skill level 8 in Hexes
  6143 | D:8      | Identified the +0 spear of Damp Prudence {vorpal, rC++}
  6537 | D:8      | Killed Pikel
  6595 | D:8      | Bought a +2 buckler of protection for 301 gold pieces
  6814 | D:10     | Killed a two-headed ogre
  6998 | Orc:1    | Entered Level 1 of the Orcish Mines
  7011 | Orc:1    | Noticed an orc knight
  7015 | Orc:1    | Noticed an orc knight
  7017 | Orc:1    | Reached skill level 9 in Hexes
  7021 | Orc:1    | Noticed an orc knight
  7023 | Orc:1    | Killed an orc knight
  7027 | Orc:1    | Killed an orc knight
  7028 | Orc:1    | Killed an orc knight
  7042 | Orc:1    | Noticed an orc knight
  7243 | Lair:1   | Reached skill level 10 in Hexes
  7331 | Lair:2   | Noticed a seven-headed hydra
  7590 | Lair:2   | Found a runed translucent door.
  7648 | Lair:2   | Reached XP level 12. HP: 24/64 MP: 2/24
  7721 | Lair:2   | Noticed a death yak
  7744 | Lair:2   | Noticed a death yak
  7747 | Lair:2   | Noticed a death yak
  7747 | Lair:2   | Noticed a death yak
  7750 | Lair:2   | Noticed a death yak
  7977 | Lair:2   | Killed a seven-headed hydra
  8037 | Lair:2   | Noticed velxir3's ghost (journeyman GnWn)
  8063 | Lair:2   | Reached skill level 11 in Hexes
  8087 | Lair:2   | Killed velxir3's ghost
  8095 | Lair:2   | Identified the +10 broad axe of Zaonun {vorpal, *Slow Str+2
                  | SInv}
  8106 | Lair:2   | Upgraded the game from 0.27.0-66-gdc8fb28755 to 0.27.1
  8251 | D:9      | Bought the amulet of Iseph {Reflect rCorr Str+4 SH+5} for
                  | 663 gold pieces
  8376 | Lair:2   | Noticed a catoblepas
  8404 | Lair:2   | Killed a catoblepas
  8434 | Lair:2   | Reached skill level 1 in Axes
  8434 | Lair:2   | Reached skill level 1 in Shields
  8453 | Lair:2   | Killed a death yak
  8454 | Lair:2   | Reached skill level 1 in Translocations
  8482 | Lair:2   | Killed a death yak
  8558 | Lair:2   | Killed a death yak
  8558 | Lair:2   | Killed a death yak
  8598 | Lair:2   | Killed a death yak
  8718 | Lair:3   | Found a staircase to the Snake Pit.
  8809 | Lair:3   | You are sucked into a shaft and drop 1 floor!
  8927 | Lair:3   | Identified a scroll of acquirement
  8928 | Lair:3   | Acquired the ring "Muhah" {Fly Str+4 Int+8 Dex-4}
  9118 | Lair:3   | Found a staircase to the Swamp.
  9144 | Lair:3   | Noticed Nergalle
  9157 | Lair:3   | Reached skill level 12 in Hexes
  9179 | Lair:3   | Killed Nergalle
  9198 | Lair:3   | HP: 2/64 [swamp worm (6)]
  9201 | Lair:3   | Reached XP level 13. HP: 1/68 MP: 3/26
  9220 | Lair:3   | Noticed Gastronok
  9301 | D:9      | Bought the ring "Uvocze" {Wiz *Corrode rPois Will+ Str+8}
                  | for 580 gold pieces
  9317 | D:9      | Bought 2 potions of curing for 72 gold pieces
  9317 | D:9      | Bought a potion of curing for 36 gold pieces
  9317 | D:9      | Bought a potion of curing for 36 gold pieces
  9317 | D:9      | Bought a potion of haste for 120 gold pieces
  9317 | D:9      | Bought a potion of curing for 36 gold pieces
  9317 | D:9      | Bought a potion of brilliance for 48 gold pieces
  9317 | D:9      | Bought a potion of curing for 36 gold pieces
  9317 | D:9      | Bought 2 potions of berserk rage for 120 gold pieces
  9782 | Lair:4   | Learned a level 2 spell: Passwall
  9789 | Lair:4   | Learned a level 6 spell: Invisibility
 10016 | Lair:5   | You are sucked into a shaft and drop 1 floor!
 10016 | Lair:6   | Entered Level 6 of the Lair of Beasts
 10057 | Lair:6   | Reached skill level 5 in Axes
 10149 | Lair:6   | Found a staircase to the Slime Pits.
 10187 | Lair:6   | Found a blossoming altar of Fedhas.
 10205 | Lair:6   | Acquired 1106 gold pieces
 10211 | Lair:6   | Got Pen Kaem's Handbook of Toxic Malediction
 10219 | Lair:6   | Learned a level 5 spell: Summon Mana Viper
 10569 | Lair:6   | Reached skill level 13 in Hexes
 10702 | Lair:6   | Reached skill level 5 in Shields
 11000 | Lair:5   | Noticed Kirke
 11018 | Lair:5   | Killed Kirke
 11134 | Lair:5   | Noticed Josephine
 11288 | Lair:6   | Reached XP level 14. HP: 58/91 MP: 2/27
 11383 | Lair:6   | Gained mutation: Your magical capacity is low. (-10% MP)
                  | [mutagenic glow]
 11531 | Lair:5   | Reached skill level 14 in Hexes
 11937 | Lair:5   | Killed Josephine
 12186 | D:10     | Noticed Psyche
 12195 | D:10     | Killed Psyche
 12696 | Orc:2    | Entered Level 2 of the Orcish Mines
 12728 | Orc:2    | Found Widoqoug's Antique Weapon Emporium.
 12774 | Orc:2    | Found Peeles's Antique Armour Boutique.
 12774 | Orc:2    | Noticed a stone giant
 12853 | Orc:2    | Found Ojeoso's General Store.
 12874 | Orc:2    | Bought a potion of ambrosia for 120 gold pieces
 12874 | Orc:2    | Bought a potion of might for 60 gold pieces
 12874 | Orc:2    | Bought a potion of heal wounds for 75 gold pieces
 12874 | Orc:2    | Bought a scroll of identify for 30 gold pieces
 12874 | Orc:2    | Bought 2 potions of berserk rage for 150 gold pieces
 12981 | Orc:2    | Killed a stone giant
 12987 | Orc:2    | Noticed an orc warlord
 13036 | Orc:2    | Killed an orc warlord
 13111 | Orc:2    | Bought a heavily runed chain mail for 323 gold pieces
 13111 | Orc:2    | Identified the +1 chain mail of Pantheism {rPois Str+6
                  | Dex-3} (You bought it in a shop on level 2 of the Orcish
                  | Mines)
 13111 | Orc:2    | Bought an ancient plate armour for 952 gold pieces
 13111 | Orc:2    | Identified the +10 plate armour "Xygogutwu" {Str+7} (You
                  | bought it in a shop on level 2 of the Orcish Mines)
 13150 | Orc:2    | Found Coimuit's Book Shoppe.
 13158 | Orc:2    | Reached skill level 10 in Axes
 13201 | Orc:2    | Bought a book of the Dryads for 532 gold pieces
 13209 | Orc:2    | Learned a level 6 spell: Shadow Creatures
 13228 | Orc:2    | Found a staircase to the Elven Halls.
 13307 | Orc:2    | Bought a book of Armaments for 504 gold pieces
 13359 | Orc:1    | Reached skill level 1 in Armour
 13428 | Orc:1    | Noticed Sonja
 13437 | Orc:1    | Noticed Erica
 13444 | Orc:1    | Killed Erica
 13529 | Orc:1    | Killed Sonja
 13658 | D:3      | Bought a manual of Dodging for 1040 gold pieces
 13741 | D:5      | Identified the +5 leather armour "Ecunisk" {rPois rF++}
 13770 | D:5      | Killed Ravenswing17's ghost
 13871 | D:9      | Bought a potion of attraction for 36 gold pieces
 13871 | D:9      | Bought a potion of mutation for 96 gold pieces
 13947 | Snake:1  | Entered Level 1 of the Snake Pit
 13953 | Snake:1  | Reached skill level 1 in Earth Magic
 13978 | Snake:1  | Noticed Frances
 14086 | Lair:3   | Killed Gastronok
 14087 | Lair:3   | Reached skill level 15 in Hexes
 14143 | Swamp:1  | Entered Level 1 of the Swamp
 14309 | Swamp:1  | Reached XP level 15. HP: 67/76 MP: 4/25
 14627 | Swamp:2  | Learned a level 4 spell: Animate Armour
 14932 | Swamp:3  | Reached skill level 5 in Dodging
 15086 | Swamp:3  | Found a runed translucent gate.
 15086 | Swamp:3  | Found a runed translucent gate.
 15091 | Swamp:3  | Found a runed translucent gate.
 15096 | Swamp:3  | Noticed Seumyac's ghost (adept HaSk)
 15119 | Swamp:3  | Killed Seumyac's ghost
 15177 | Swamp:4  | Entered Level 4 of the Swamp
 15414 | Swamp:4  | Reached skill level 5 in Translocations
 15414 | Swamp:4  | Noticed a tentacled monstrosity
 15416 | Swamp:4  | Noticed a tentacled monstrosity
 15426 | Swamp:4  | Killed a tentacled monstrosity
 15428 | Swamp:4  | Killed a tentacled monstrosity
 15597 | Swamp:4  | Noticed the 27-headed Lernaean hydra
 15632 | Swamp:4  | Killed the 27-headed Lernaean hydra
 15633 | Swamp:4  | Reached skill level 10 in Spellcasting
 15725 | Swamp:4  | Got a decaying rune of Zot
 16130 | Snake:1  | Killed Frances
 16387 | Snake:1  | Reached XP level 16. HP: 56/81 MP: 15/27
 16438 | Snake:1  | Found a runed translucent door.
 16442 | Snake:1  | Found a shimmering altar of Xom.
 16442 | Snake:1  | Noticed Siddir's ghost (journeyman MiBe)
 16457 | Snake:1  | Killed Siddir's ghost
 16459 | Snake:1  | Identified the ring "Vyobar" {EV+4 Str+2 Stlth+}
 16803 | Snake:1  | Reached skill level 16 in Hexes
 16917 | Snake:2  | Reached skill level 15 in Summonings
 16926 | Snake:2  | Learned a level 5 spell: Summon Forest
 16942 | Snake:2  | Noticed Vashnia
 16966 | Snake:2  | Noticed Aizul
 16982 | Snake:2  | Killed Aizul
 17672 | Snake:3  | Reached skill level 5 in Earth Magic
 17748 | Snake:3  | Noticed Mara
 17771 | Snake:4  | Entered Level 4 of the Snake Pit
 17915 | Snake:4  | Found Suvvol's Jewellery Shoppe.
 17917 | Snake:4  | Found Boperar's General Store.
 17919 | Snake:4  | Found Puraurr's Antique Weapon Shoppe.
 17927 | Snake:4  | Bought a fine trident for 229 gold pieces
 17927 | Snake:4  | Identified the +8 trident "Zeskae" {freeze, *Corrode rPois
                  | Int-4 Dex+9} (You bought it in a shop on level 4 of the
                  | Snake Pit)
 17944 | Snake:4  | Bought a scroll of vulnerability for 82 gold pieces
 17944 | Snake:4  | Bought a potion of heal wounds for 55 gold pieces
 18087 | Snake:3  | Noticed Saint Roka
 18926 | Snake:3  | Reached skill level 5 in Armour
 19113 | Snake:4  | Noticed Nikola
 19319 | Snake:2  | Reached XP level 17. HP: 54/86 MP: 11/29
 19860 | Snake:4  | Got a serpentine rune of Zot
 19985 | Snake:3  | Reached skill level 10 in Dodging
 20129 | Lair:3   | Upgraded the game from 0.27.1 to 0.27.1-34-g3ba077fa99
 20133 | Lair:3   | Learned a level 3 spell: Portal Projectile
 20232 | Slime:1  | Entered Level 1 of the Pits of Slime
 20290 | Slime:2  | Noticed Dissolution
 20339 | Slime:2  | HP: 2/86 [rockslime (10)]
 20339 | Slime:2  | Mangled by a rockslime

Illustrated notes

Levels and vault maps discovered:
D:1:      minmay_arrival_solitary_statue, layout_basic, serial_shops,
          nicolae_shop_trees
D:2:      cheibrodos_helix_gallery, layout_basic, hangedman_feature_mirror,
          uniq_robin
D:3:      layout_basic, serial_shops, nicolae_square_shop
D:4:      layout_cave_pools, grunt_temple_overflow_opulence,
          minmay_divided_ellipse
D:5:      layout_rooms, grunt_temple_overflow_growth_and_decay,
          minmay_temple_entry_large_hall, biasface_ghost_orc_armoury,
          serial_shops, kennysheep_mini_moat
D:6:      layout_rooms, mainiacjoe_overflow_surrounded_room,
          nicolae_hepliaklqana_hippocampus,
          chequers_temple_overflow_statue_of_worship
D:7:      minmay_recursive_quarters, layout_layer_cave, minmay_misc_feat_chi
D:8:      minmay_bloctagon, layout_basic, lair_entry_dummy, serial_shops, shop,
          serial_rivers, chequers_serial_rivers_micro_b,
          chequers_serial_rivers_large_a, chequers_serial_rivers_micro_e,
          chequers_serial_rivers_small_b, chequers_serial_rivers_small_3,
          chequers_serial_rivers_room_a, kennysheep_windowed_goal, uniq_pikel
D:9:      layout_rooms, bloody_makhleb, serial_shops, shop, shop_statue,
          nicolae_take_the_stairs, nicolae_stop_n_shop_2, nicolae_shop_crystal,
          uniq_grum
D:10:     layout_cave_pools, gammafunk_temple_overflow_statue,
          minmay_orc_entry_temple_large, uniq_snorg, uniq_erolcha, uniq_psyche,
          uniq_maurice
D:11:     layout_basic, lightli_fourway_metalbox
Lair:1:   layout_loops_ring, lemuel_fruit_tree
Lair:2:   layout_gridlike, ebering_ghost_inner_flame, beast_lair_carwin_10
Lair:3:   layout_hall_layers, minmay_swamp_entry_worms,
          guppyfry_snake_entry_garden, grunt_megastairs_4, lemuel_fruit_fields,
          serial_bayou_shore_b, uniq_gastronok, uniq_nergalle
Lair:4:   layout_small_grid
Lair:5:   layout_regular_city, uniq_kirke, uniq_josephine
Lair:6:   evilmike_catoblepas_cave, layout_cave_pods,
          minmay_slime_entry_oklob_enclosed, basic_altar, grunt_megastairs_2
Swamp:1:  layout_basic_swamp, evilmike_swamp_ruin_house_3,
          infiniplex_staircase_pool
Swamp:2:  layout_basic_swamp, nicolae_swamp_long_stream
Swamp:3:  layout_basic_swamp, gammafunk_ghost_hydra_chop,
          evilmike_swamp_ruin_house_2
Swamp:4:  swamp_old_school, layout_basic_swamp
Snake:1:  onia_ninara_swampy_vault, layout_onion, ebering_ghost_xom,
          special_room, uniq_frances
Snake:2:  layout_gridlike, uniq_aizul, uniq_vashnia
Snake:3:  layout_grid_shapes, serial_bayou_pond_e, grunt_megastairs_3,
          serial_bayou_shore_b, uniq_mara, uniq_saint_roka
Snake:4:  grunt_snake_rune_serpentine_throne, layout_misc_corridors,
          grunt_ministairs_3, corexii_hall_statues_x, minmay_shop_star,
          uniq_nikola
Slime:1:  layout_caves
Slime:2:  layout_caves, cheibrodos_slime_lost_civilization_4, uniq_dissolution
Orc:1:    layout_diamond_mine, uniq_erica, uniq_sonja
Orc:2:    grunt_orc_gardens, layout_caves, grunt_orc_garden, grunt_orc_garden,
          grunt_orc_garden, grunt_orc_garden

Skill      XL: |  1  2  3  4  5  6  7  8  9 10 11 12 13 14 15 16 17 |
---------------+----------------------------------------------------+-----
Stealth        | 8 9 10 11 12 13 14 | 14.0
Summonings     | 2 5 6 9 11 12 14 15 | 15.0
Spellcasting   | 1 3 4 5 7 8 9 10 11 | 11.8
Hexes          | 4 7 10 12 13 15 16 | 16.0
Axes           | 4 8 10 11 12 | 12.7
Shields        | 3 5 6 |  6.0
Translocations | 2 4 5 6 |  6.9
Armour         | 2 3 5 |  5.4
Earth Magic    | 2 4 6 |  6.0
Dodging        | 3 7 9 10 | 10.1
Fighting       | |  2.6
Short Blades   | |  2.1

Action                   |  1- 3 |  4- 6 |  7- 9 | 10-12 | 13-15 | 16-18 || total
-------------------------+-------+-------+-------+-------+-------+-------++-------
Melee: Short sword       |     2 |   165 |       |       |       |       ||   167
       Bite              |       |    19 |    20 |    28 |    93 |    55 ||   215
       Club              |       |    30 |   157 |    24 |       |       ||   211
       Dagger            |       |     3 |    67 |    39 |    14 |       ||   123
       Spear             |       |       |       |   171 |    24 |       ||   195
       Broad axe         |       |       |       |    39 |   661 |   342 ||  1042
       Unarmed           |       |       |       |       |     4 |       ||     4
       Trident           |       |       |       |       |       |    16 ||    16
Throw: Dart              |       |     2 |     6 |       |     4 |       ||    12
       Javelin           |       |       |       |     8 |    10 |     1 ||    19
 Cast: Call Imp          |       |     6 |    28 |    97 |    20 |       ||   151
       Summon Small Mamm |       |     1 |     5 |    36 |     1 |       ||    43
       Call Canine Famil |       |       |     8 |    53 |    40 |     7 ||   108
       Summon Guardian G |       |       |       |    43 |    17 |     8 ||    68
       Summon Mana Viper |       |       |       |       |    64 |    12 ||    76
       Invisibility      |       |       |       |       |    28 |     7 ||    35
       Shadow Creatures  |       |       |       |       |    26 |    28 ||    54
       Animate Armour    |       |       |       |       |    19 |    55 ||    74
       Summon Forest     |       |       |       |       |       |    12 ||    12
 Abil: Exsanguinate      |     1 |       |       |       |     1 |       ||     2
       End Transformatio |       |     1 |       |       |       |       ||     1
       Bat Form          |       |     1 |       |       |       |       ||     1
       Revivify          |       |       |       |       |     1 |       ||     1
Evoke: Wand              |       |     6 |     1 |    14 |    25 |     8 ||    54
       Lightning rod     |       |       |       |     7 |    10 |       ||    17
       Phantom mirror    |       |       |       |       |     3 |       ||     3
       Box of beasts     |       |       |       |       |     2 |       ||     2
  Use: Potion            |       |     1 |     8 |     3 |     6 |     4 ||    22
       Scroll            |       |       |     6 |    16 |    15 |     4 ||    41
 Stab: Sleeping          |     2 |    26 |    39 |    28 |    37 |    13 ||   145
       Paralysed         |       |     4 |       |       |       |       ||     4
       Distracted        |       |     2 |     2 |    13 |    12 |    15 ||    44
       Invisible         |       |       |     4 |       |   122 |    26 ||   152
       Petrified         |       |       |       |     1 |       |       ||     1
Armor: Leather armour    |       |    29 |    35 |       |       |       ||    64
       Scale mail        |       |       |    68 |   213 |   130 |       ||   411
       Plate armour      |       |       |       |       |   221 |   229 ||   450
Dodge: Dodged            |       |   114 |   111 |    88 |   273 |   190 ||   776
Block: Buckler           |       |       |       |    74 |   426 |   305 ||   805
       Reflection        |       |       |       |       |    18 |    37 ||    55
